[Event "Titled Tuesday Blitz December 13 Early 2022"]
[White "Navara, David"]
[Black "Dubov, Daniil"]
[WhiteFideId "309095"]
[BlackFideId "24126055"]
[WhiteElo "2676"]
[BlackElo "2792"]
[Result "1/2-1/2"]
[Round "05"]
[TimeControl "180+1"]
[Date "2022.12.13"]
[WhiteClock "0:00:38"]
[BlackClock "0:00:34"]

1. d4 Nf6 2. c4 e6 3. Nf3 d5 4. Nc3 Be7 5. Bf4 O-O 6. e3 c5 7. dxc5 Bxc5 8. Qc2 Nc6 9. a3 Be7 10. Rd1 Qa5 11. Nd2 Bd7 12. Nb3 Qb6 13. cxd5 Nxd5 14. Bd3 g6 15. O-O Nxf4 16. exf4 Rfd8 17. Na4 Qc7 18. Nac5 Nd4 19. Nxd4 Qxc5 20. Qxc5 Bxc5 21. Be4 Ba4 22. b3 Rxd4 23. Rxd4 Bxd4 24. bxa4 Rc8 25. Bxb7 Rc2 26. g3 Ra2 27. Kg2 Rxa3 28. Bc6 Ra2 29. h4 f5 30. Bd7 Kf7 31. Re1 e5 32. fxe5 Rxf2+ 33. Kh3 Ke7 34. Bb5 h6 35. Rf1 Rxf1 36. Bxf1 Bxe5 37. Bb5 g5 38. hxg5 hxg5 39. g4 fxg4+ 40. Kxg4 a6 41. Bxa6 Bc3 42. Kxg5 Ba5 43. Bc4 Bb4 44. a5 Bxa5 1/2-1/2


[Site "https://www.chess.com"]

[Event "Titled Tuesday Blitz December 13 Early 2022"]
[White "Nissinen, Niilo Man"]
[Black "Tharushi, T H D Niklesha"]
[WhiteFideId "30950767"]
[BlackFideId "9918264"]
[WhiteElo "1896"]
[BlackElo "1596"]
[Result "1-0"]
[Round "05"]
[TimeControl "180+1"]
[Date "2022.12.14"]
[WhiteClock "0:01:13"]
[BlackClock "0:00:25"]

1. e4 c6 2. d4 d5 3. Nc3 dxe4 4. Nxe4 Nf6 5. Nxf6+ exf6 6. c3 Bd6 7. Bd3 O-O 8. Qc2 Re8+ 9. Ne2 h5 10. O-O Nd7 11. Bf4 Rxe2 12. Qxe2 Bxf4 13. Qxh5 Bh6 14. Rfe1 Nf8 15. Rad1 Be6 16. c4 Qd7 17. h3 Ng6 18. d5 cxd5 19. cxd5 Bxh3 20. Qxh3 Qxh3 21. gxh3 Nf4 22. Bf1 Rd8 23. d6 g5 24. d7 Ne6 25. Bc4 Bf8 26. Bxe6 fxe6 27. Rxe6 Kf7 28. Re4 Bc5 29. Rc4 b6 30. b4 Be7 31. Rc8 Ke6 32. Rxd8 Bxd8 33. Kg2 a5 34. bxa5 bxa5 35. a4 f5 36. Kf3 f4 37. Kg4 Ke5 38. f3 Ke6 39. Kh5 Ke7 40. Kxg5 Ke6+ 41. Kxf4 Kf6 42. Ke4 Kg6 43. Kd5 Kh5 44. Kc6 Kh4 45. Kb7 Kxh3 46. Kc8 Bg5 47. d8=Q Bxd8 48. Rxd8 Kg3 49. Rd5 Kxf3 50. Rxa5 Ke4 51. Rb5 Kd4 52. Rb7 Kc3 53. a5 Kc4 54. a6 Kc5 55. a7 Kc6 56. a8=Q 1-0


[Site "https://www.chess.com"]

[Event "Titled Tuesday Blitz December 13 Early 2022"]
[White "Odegov, Artem"]
[Black "Rosenberg, Evan S"]
[WhiteFideId "34183644"]
[BlackFideId "2019299"]
[WhiteElo "2300"]
[BlackElo "2420"]
[Result "1-0"]
[Round "05"]
[TimeControl "180+1"]
[Date "2022.12.14"]
[WhiteClock "0:00:51"]
[BlackClock "0:00:02"]

1. d4 d5 2. c4 e6 3. Nc3 c5 4. cxd5 cxd4 5. Qxd4 Nc6 6. Qd1 exd5 7. e3 Nf6 8. Nf3 Bb4 9. Be2 O-O 10. O-O a6 11. a3 Bd6 12. b4 Be6 13. Bb2 Rc8 14. Rc1 Qe7 15. Na4 Rfd8 16. Nd4 Nxd4 17. Qxd4 Ne8 18. h3 Qg5 19. Kh1 Be7 20. Qd2 Bf6 21. Bxf6 Nxf6 22. Qd4 Ne4 23. Nc5 Nxc5 24. bxc5 Bd7 25. Rfd1 Bc6 26. Bf3 h6 27. Rd2 Rd7 28. Bg4 f5 29. Bf3 Rcd8 30. Rcd1 Qe7 31. Qb2 Qxc5 32. Qe5 g6 33. Qe6+ Kg7 34. Qe5+ Kh7 35. Rd3 Qe7 36. Qb2 Qg7 37. Qb4 g5 38. Rd4 Qe7 39. Qb1 Kg7 40. Qxf5 Qf7 41. Qe5+ Qf6 42. Qg3 Qd6 43. Qg4 Qxa3 44. e4 Qe7 45. exd5 Bb5 46. d6 Qe5 47. Rd5 Qf6 48. Rf5 Qe6 49. Qd4+ Kh7 50. Be4 1-0


[Site "https://www.chess.com"]

[Event "Titled Tuesday Blitz December 13 Early 2022"]
[White "Oganian, Miran"]
[Black "Mogirzan, Matei-Valeriu"]
[WhiteFideId "4122488"]
[BlackFideId "1257455"]
[WhiteElo "2735"]
[BlackElo "2304"]
[Result "0-1"]
[Round "05"]
[TimeControl "180+1"]
[Date "2022.12.14"]
[WhiteClock "0:00:24"]
[BlackClock "0:00:05"]

1. e4 c5 2. Nf3 e6 3. c3 d5 4. exd5 exd5 5. d4 cxd4 6. Nxd4 Nc6 7. Bb5 Bd7 8. O-O Nf6 9. Bxc6 bxc6 10. Nd2 Be7 11. N2b3 O-O 12. h3 Ne4 13. Nd2 f5 14. Re1 Bd6 15. Nf1 Qh4 16. Qc2 f4 17. Nf3 Qh5 18. N1h2 Bc5 19. Re2 Rf6 20. b4 Bb6 21. c4 Bxh3 22. c5 Rg6 23. Ne1 Bxg2 24. Nxg2 f3 25. Kh1 fxg2+ 26. Kg1 Qxh2+ 27. Kxh2 g1=Q+ 28. Kh3 Qh1# 0-1


[Site "https://www.chess.com"]

[Event "Titled Tuesday Blitz December 13 Early 2022"]
[White "Omelja, Artem"]
[Black "Topalov, Aleksandar"]
[WhiteFideId "14119846"]
[BlackFideId "925659"]
[WhiteElo "2404"]
[BlackElo "2151"]
[Result "1/2-1/2"]
[Round "05"]
[TimeControl "180+1"]
[Date "2022.12.14"]
[WhiteClock "0:00:05"]
[BlackClock "0:00:13"]

1. e4 e6 2. d3 d5 3. Nd2 c5 4. Ngf3 Nc6 5. g3 g6 6. Bg2 Bg7 7. O-O Nge7 8. Re1 Qc7 9. h4 h6 10. h5 g5 11. c4 d4 12. a3 a5 13. Rb1 e5 14. Nh2 Be6 15. f3 O-O 16. g4 Rab8 17. a4 Nb4 18. Qe2 Nc2 19. Rd1 Ne3 20. Re1 Nc6 21. Ndf1 Nxf1 22. Nxf1 Nb4 23. Bd2 Qc6 24. b3 Rfd8 25. Rec1 Bf8 26. Be1 f6 27. Ng3 b6 28. Kh2 Qd7 29. Bd2 Nc6 30. Rg1 Bg7 31. Bh3 Re8 32. Rh1 Re7 33. Rbg1 Ree8 34. Kg2 Re7 35. Kf2 Ree8 36. Nf5 Bxf5 37. exf5 Bf8 38. Qe4 Nd8 39. Ke2 Qc6 40. Qxc6 Nxc6 41. Kd1 Bd6 42. Kc2 Kg7 43. Bg2 e4 44. dxe4 Bf4 45. Bf1 Ne5 46. Rh3 d3+ 47. Kc3 Rbd8 48. Bxf4 gxf4 49. Kd2 Rd4 50. Rg2 Red8 51. Rf2 Kf7 52. Rhh2 Ke7 53. Bg2 Kf7 54. Rh1 Ke7 55. Rc1 Kf7 56. Rc3 Kg7 57. Bf1 Kf7 58. Bg2 Ke7 59. Kd1 R8d7 60. Rd2 R7d6 61. Ke1 Rd7 62. Kf2 Rd8 63. Bf1 R8d7 64. Rc1 Rd8 65. Bg2 R8d7 66. Rg1 R7d6 67. Bh3 Rd8 68. Rg2 R8d7 69. g5 fxg5 70. f6+ Kxf6 71. Bxd7 Rxd7 72. Rg1 Rd4 73. Kg2 Rd6 74. Kf2 Rd4 75. Rg2 Rd6 76. Rg1 Rd4 1/2-1/2


[Site "https://www.chess.com"]

[Event "Titled Tuesday Blitz December 13 Early 2022"]
[White "Osiecki, Stanislaw"]
[Black "Petrova, Irina"]
[WhiteFideId "1102990"]
[BlackFideId "14124122"]
[WhiteElo "2088"]
[BlackElo "2023"]
[Result "0-1"]
[Round "05"]
[TimeControl "180+1"]
[Date "2022.12.14"]
[WhiteClock "0:00:37"]
[BlackClock "0:00:32"]

1. e4 d6 2. d4 Nf6 3. Nc3 e5 4. Nf3 Nbd7 5. Bc4 Be7 6. Bxf7+ Kxf7 7. Ng5+ Kg8 8. Ne6 Qe8 9. Nxc7 Qg6 10. Nxa8 Qxg2 11. Rf1 exd4 12. Qxd4 Ne5 13. f4 Bh3 14. Qf2 Qg4 15. fxe5 Bxf1 16. exf6 Bxf6 17. Kxf1 h5 18. Qg3 Qc8 19. Be3 Kh7 20. Nd5 Bxb2 21. Rb1 Qxc2 22. Rxb2 Qxb2 23. Nac7 Rf8+ 24. Kg1 Qb1+ 25. Kg2 Qf1# 0-1


[Site "https://www.chess.com"]

[Event "Titled Tuesday Blitz December 13 Early 2022"]
[White "Pajeken, Jakob Leon"]
[Black "Rustemov, Alexander"]
[WhiteFideId "12942839"]
[BlackFideId "4119002"]
[WhiteElo "2414"]
[BlackElo "2811"]
[Result "1-0"]
[Round "05"]
[TimeControl "180+1"]
[Date "2022.12.14"]
[WhiteClock "0:02:05"]
[BlackClock "0:01:21"]

1. d4 g6 2. e4 Bg7 3. Nc3 d6 4. Be3 Nf6 5. f3 O-O 6. Qd2 Nc6 7. Nge2 e5 8. O-O-O Bd7 9. g4 a6 10. h4 h5 11. d5 Ne7 12. Ng3 hxg4 13. h5 gxf3 14. h6 Bh8 15. h7+ Nxh7 16. Qh2 Kg7 17. Qh6+ Kf6 18. Bg5+ Nxg5 19. Nh5# 1-0


[Site "https://www.chess.com"]

[Event "Titled Tuesday Blitz December 13 Early 2022"]
[White "Pakleza, Zbigniew"]
[Black "Gabdrakhmanov, Azat"]
[WhiteFideId "1119290"]
[BlackFideId "34189197"]
[WhiteElo "2823"]
[BlackElo "2636"]
[Result "1/2-1/2"]
[Round "05"]
[TimeControl "180+1"]
[Date "2022.12.14"]
[WhiteClock "0:00:09"]
[BlackClock "0:00:14"]

1. d4 Nf6 2. Nf3 g6 3. Bf4 Bg7 4. e3 O-O 5. Be2 d6 6. h3 Nbd7 7. O-O c5 8. c3 b6 9. Nbd2 Bb7 10. a4 Ne4 11. Nxe4 Bxe4 12. a5 bxa5 13. Qa4 Rb8 14. Nd2 Ba8 15. Nc4 Bd5 16. Qxa5 Bxc4 17. Bxc4 Rxb2 18. Qxa7 Nb6 19. Ba2 Qa8 20. Bb1 Qxa7 21. Rxa7 Nd5 22. dxc5 dxc5 23. c4 Nxf4 24. exf4 e6 25. g4 Bd4 26. Kg2 Rd2 27. f5 Rb8 28. fxe6 fxe6 29. Ra2 Rbb2 30. Rxb2 Rxb2 31. Be4 Kg7 32. g5 Kf7 33. h4 Ke7 34. Kg3 Kd6 35. f3 Be5+ 36. Kh3 Rh2+ 37. Kg4 Rg2+ 38. Kh3 Rg3+ 39. Kh2 Rxf3+ 40. Kg2 Rxf1 41. Kxf1 Bg3 42. h5 gxh5 43. Bxh7 Bh4 44. Bg6 Bxg5 45. Bxh5 Ke5 46. Bf7 Kf5 47. Ke2 e5 48. Bd5 e4 49. Bg8 Ke5 50. Bd5 Kd4 51. Bg8 e3 52. Bf7 Bf4 53. Bg8 Be5 54. Bf7 Bd6 55. Bg8 Be5 56. Bf7 Bd6 57. Bg8 Be5 1/2-1/2


[Site "https://www.chess.com"]

[Event "Titled Tuesday Blitz December 13 Early 2022"]
[White "Paravyan, David"]
[Black "Lortkipanidze, Nodar"]
[WhiteFideId "4194985"]
[BlackFideId "13604058"]
[WhiteElo "2551"]
[BlackElo "2293"]
[Result "0-1"]
[Round "05"]
[TimeControl "180+1"]
[Date "2022.12.13"]
[WhiteClock "0:00:02"]
[BlackClock "0:00:19"]

1. e4 c5 2. Nf3 d6 3. d4 cxd4 4. Nxd4 Nf6 5. Nc3 g6 6. Be3 Bg7 7. f3 O-O 8. Qd2 Nc6 9. O-O-O d5 10. exd5 Nxd5 11. Nxc6 bxc6 12. Bd4 e5 13. Bc5 Be6 14. Bc4 Qh4 15. Bxd5 cxd5 16. Bxf8 Rxf8 17. Kb1 Rd8 18. Rhe1 Qc4 19. Qd3 Qc7 20. Qa6 d4 21. Nb5 Qc4 22. b3 Qc5 23. a4 Bf5 24. Re4 Rc8 25. Rc1 Bxe4 26. fxe4 d3 27. Qxa7 d2 28. Qxc5 dxc1=Q+ 29. Kxc1 Rxc5 30. c4 Bf8 31. Kc2 f5 32. a5 Rc6 33. Kc3 fxe4 34. b4 e3 35. Na3 e4 36. Nc2 Bg7+ 37. Kb3 e2 38. c5 Bh6 39. Kc4 Bd2 40. b5 e1=Q 41. Nxe1 Bxe1 42. bxc6 Bxa5 43. Kd4 Kf7 44. Kxe4 Ke6 45. h4 h6 46. g4 Bd8 47. h5 g5 48. Kd4 Bc7 0-1


[Site "https://www.chess.com"]

[Event "Titled Tuesday Blitz December 13 Early 2022"]
[White "Pham, Khoi"]
[Black "Kostiukov, Alexandr"]
[WhiteFideId "1054988"]
[BlackFideId "14108100"]
[WhiteElo "2536"]
[BlackElo "2202"]
[Result "1/2-1/2"]
[Round "05"]
[TimeControl "180+1"]
[Date "2022.12.14"]
[WhiteClock "0:00:07"]
[BlackClock "0:00:09"]

1. e4 c5 2. Nf3 g6 3. d4 cxd4 4. Qxd4 Nf6 5. e5 Nc6 6. Qa4 Nd5 7. Bd3 Bg7 8. Qe4 Ndb4 9. O-O O-O 10. Nc3 d5 11. exd6 exd6 12. Bg5 Qa5 13. a3 Nxd3 14. Qxd3 Bf5 15. Qd2 Bg4 16. b4 Qf5 17. Nh4 Qe5 18. Nd5 Be6 19. Rad1 h6 20. Bxh6 Bxh6 21. Qxh6 Bxd5 22. Nxg6 Qg7 23. Qxg7+ Kxg7 24. Rxd5 fxg6 25. Rxd6 Rad8 26. Rfd1 Rxd6 27. Rxd6 Rd8 28. Rxd8 Nxd8 29. Kf1 b5 30. Ke2 Kf6 31. Kd3 Nc6 32. c4 Ne5+ 33. Kd4 Nxc4 34. a4 a6 35. a5 Kf5 36. Kc5 Nxa5 37. bxa5 Kf4 38. Kd4 Kf5 39. f3 Kf4 40. Kd3 Ke5 41. g3 Kd5 42. h4 Ke5 43. Ke3 Kf5 44. g4+ Ke5 45. f4+ Kf6 46. Ke4 Ke6 47. h5 gxh5 48. gxh5 Kf6 49. f5 Kg5 50. Ke5 b4 51. f6 b3 52. f7 b2 53. f8=Q b1=Q 54. Qg7+ Kh4 55. Qf6+ Kxh5 56. Qf5+ Qxf5+ 57. Kxf5 Kh6 58. Ke6 Kg6 59. Kd6 Kf6 60. Kc6 Ke6 61. Kb6 Kd6 62. Kb7 Kd7 63. Kxa6 Kc7 64. Ka7 Kc8 65. Ka8 Kc7 66. a6 Kc8 67. a7 Kc7 1/2-1/2


[Site "https://www.chess.com"]

[Event "Titled Tuesday Blitz December 13 Early 2022"]
[White "Pichot, Alan"]
[Black "Zeman, Matyas"]
[WhiteFideId "110973"]
[BlackFideId "364398"]
[WhiteElo "2561"]
[BlackElo "2254"]
[Result "1-0"]
[Round "05"]
[TimeControl "180+1"]
[Date "2022.12.13"]
[WhiteClock "0:00:45"]
[BlackClock "0:00:02"]

1. Nf3 Nf6 2. e3 d5 3. c4 e6 4. b3 Be7 5. Bb2 O-O 6. Be2 c5 7. O-O Nc6 8. cxd5 Nxd5 9. Nc3 Bf6 10. Rc1 b6 11. Qc2 Bb7 12. a3 Rc8 13. Ne4 Bxb2 14. Qxb2 h6 15. Rfd1 Qe7 16. h3 Rfd8 17. d3 Nf6 18. Nxf6+ Qxf6 19. Qxf6 gxf6 20. Rc3 Ne5 21. Nd2 Rd7 22. f4 Nc6 23. Kf2 Rcd8 24. Nc4 Ne7 25. Rcc1 Kg7 26. b4 cxb4 27. axb4 Ba6 28. Ra1 Bxc4 29. dxc4 Rxd1 30. Bxd1 Nc6 31. Be2 Nxb4 32. Rxa7 f5 33. Bh5 Rf8 34. Rb7 Nd3+ 35. Ke2 Nc5 36. Rxb6 Ne4 37. Bf3 Rc8 38. Rb4 Nc5 39. Kd2 Kf6 40. Kc3 Ke7 41. Rb5 Kd6 42. Kd4 Nd7 43. g4 fxg4 44. hxg4 f6 45. Rh5 e5+ 46. Kd3 Nc5+ 47. Kc3 e4 48. Be2 Rb8 49. Rxh6 Rb3+ 50. Kd4 Rb2 51. Rxf6+ Ne6+ 52. Kxe4 Ke7 53. Ke5 1-0


[Site "https://www.chess.com"]

[Event "Titled Tuesday Blitz December 13 Early 2022"]
[White "Piorun, Kacper"]
[Black "Matinian, Nikita"]
[WhiteFideId "1130420"]
[BlackFideId "24129100"]
[WhiteElo "2572"]
[BlackElo "2422"]
[Result "1-0"]
[Round "05"]
[TimeControl "180+1"]
[Date "2022.12.13"]
[WhiteClock "0:00:05"]
[BlackClock "0:00:01"]

1. d4 Nf6 2. Bg5 g6 3. Bxf6 exf6 4. Nf3 d5 5. e3 c6 6. c4 Be6 7. cxd5 cxd5 8. Nc3 Nc6 9. g3 h5 10. Bg2 Be7 11. Rc1 Qd7 12. a3 f5 13. h4 f6 14. Nd2 Kf7 15. Na4 b6 16. Bf1 Rac8 17. Ba6 Rc7 18. Nc3 Na5 19. b4 Nb7 20. Ne2 Nd6 21. Bd3 Rxc1 22. Qxc1 Rc8 23. Qd1 Qc7 24. Nf4 Qc3 25. O-O Qxa3 26. Be2 Rh8 27. Qb1 Ne4 28. Nxe4 fxe4 29. b5 Bd6 30. Nxe6 Kxe6 31. Rc1 Kd7 32. Rc6 Rc8 33. Qc2 Rd8 34. Kg2 Qb4 35. Qa2 Ke6 36. Qxa7 Qd2 37. Qxb6 Qxe2 38. Qxd8 Qf3+ 39. Kg1 Kf5 40. Qd7# 1-0


[Site "https://www.chess.com"]

[Event "Titled Tuesday Blitz December 13 Early 2022"]
[White "Postnikov, Artem"]
[Black "Yuan, Qingyu"]
[WhiteFideId "34153575"]
[BlackFideId "8609772"]
[WhiteElo "2243"]
[BlackElo "2359"]
[Result "0-1"]
[Round "05"]
[TimeControl "180+1"]
[Date "2022.12.14"]
[WhiteClock "0:00:01"]
[BlackClock "0:00:12"]

1. d4 Nf6 2. c4 e6 3. Nc3 Bb4 4. Qc2 O-O 5. a3 Bxc3+ 6. Qxc3 d5 7. Bg5 c5 8. cxd5 cxd4 9. Qxd4 Nc6 10. Qh4 Qxd5 11. Bxf6 gxf6 12. Nf3 Qf5 13. g3 e5 14. Bg2 Be6 15. O-O Rfd8 16. Rfd1 a5 17. Qa4 Qg4 18. Qb5 e4 19. Qxb7 Rac8 20. Nh4 Rxd1+ 21. Rxd1 Qxe2 22. Rf1 f5 23. Bh3 Nd4 24. Bg2 Kg7 25. Qb6 Qd2 26. Qa6 Rc1 0-1


[Site "https://www.chess.com"]

[Event "Titled Tuesday Blitz December 13 Early 2022"]
[White "Prieto Aranguren, Alain"]
[Black "Chernov, Mikhail"]
[WhiteFideId "2268906"]
[BlackFideId "24143170"]
[WhiteElo "2209"]
[BlackElo "2113"]
[Result "0-1"]
[Round "05"]
[TimeControl "180+1"]
[Date "2022.12.14"]
[WhiteClock "0:01:26"]
[BlackClock "0:01:15"]

1. d4 d5 2. c4 Nc6 3. Nf3 Bg4 4. cxd5 Bxf3 5. gxf3 Qxd5 6. e3 e5 7. Nc3 Bb4 8. Bd2 Bxc3 9. bxc3 Qd6 10. f4 exf4 11. e4 f6 12. Rb1 O-O-O 13. Qf3 g5 14. Bg2 Nge7 15. O-O Ng6 16. Rb3 Nh4 17. Qg4+ f5 18. exf5 Nxg2 19. Qxg2 Qd5 20. Rfb1 b6 21. h4 f3 22. c4 Qxf5 23. Qh2 Nxd4 24. Bxg5 Nxb3 25. Rxb3 Rd1# 0-1


[Site "https://www.chess.com"]

[Event "Titled Tuesday Blitz December 13 Early 2022"]
[White "Putnam, Liam"]
[Black "Osmak, Yuliia"]
[WhiteFideId "30938279"]
[BlackFideId "14101602"]
[WhiteElo "2756"]
[BlackElo "2555"]
[Result "1-0"]
[Round "05"]
[TimeControl "180+1"]
[Date "2022.12.14"]
[WhiteClock "0:00:22"]
[BlackClock "0:00:02"]

1. e4 c6 2. d4 d5 3. exd5 cxd5 4. Bd3 Nc6 5. c3 Nf6 6. h3 g6 7. Nf3 Bf5 8. O-O Bg7 9. Re1 Bxd3 10. Qxd3 O-O 11. Bf4 Rc8 12. Nbd2 e6 13. a4 Nd7 14. b4 Re8 15. Re2 e5 16. dxe5 Ndxe5 17. Nxe5 Nxe5 18. Bxe5 Rxe5 19. Rxe5 Bxe5 20. Rc1 Qd7 21. a5 Qc7 22. c4 dxc4 23. Qxc4 Qxc4 24. Rxc4 Rxc4 25. Nxc4 Bc3 26. b5 a6 27. Nd6 axb5 28. Nxb7 b4 29. Nc5 Bd4 30. Nb3 Ba7 31. Kf1 f5 32. Ke2 Kf7 33. Kd3 Ke6 34. Kc4 Bxf2 35. Kxb4 Kd5 36. Kb5 g5 37. a6 h5 38. Nc1 g4 39. Nd3 Be3 40. Nf4+ 1-0


[Site "https://www.chess.com"]

[Event "Titled Tuesday Blitz December 13 Early 2022"]
[White "Qashashvili, Alexandre"]
[Black "Diaz Rosas, Julio Cesar"]
[WhiteFideId "13600842"]
[BlackFideId "5105099"]
[WhiteElo "2405"]
[BlackElo "2246"]
[Result "0-1"]
[Round "05"]
[TimeControl "180+1"]
[Date "2022.12.14"]
[WhiteClock "0:00:03"]
[BlackClock "0:00:52"]

1. e4 c6 2. d4 d5 3. Nc3 dxe4 4. Nxe4 Nf6 5. Nxf6+ gxf6 6. Nf3 Rg8 7. Bd3 Rxg2 8. Bxh7 Bg4 9. h3 Bh5 10. Be4 Qd6 11. Be3 f5 12. Bxf5 Qd5 13. Bg4 Rxg4 14. hxg4 Bxg4 15. Rh4 Bxf3 16. c4 Bxd1 17. cxd5 Bf3 18. dxc6 Nxc6 19. Kd2 O-O-O 20. Rg1 e5 21. Bg5 Rxd4+ 22. Ke3 Bd5 23. Rh8 Re4+ 24. Kd2 Kd7 25. Rxf8 Nd4 26. Be3 Nf3+ 27. Kd3 Nxg1 28. f3 Nxf3 29. Rxf7+ Bxf7 30. Kxe4 Bh5 31. Bxa7 Ke6 32. Ke3 Kd5 33. Bb8 e4 34. b4 Nd4 35. a4 Nc2+ 36. Kf4 Nxb4 37. a5 Be8 38. Bc7 Bb5 39. Bb6 Nc6 40. Ke3 Ne5 41. Ba7 Nc4+ 0-1


[Site "https://www.chess.com"]

[Event "Titled Tuesday Blitz December 13 Early 2022"]
[White "Raahul V S"]
[Black "Hartikainen, Jarmo"]
[WhiteFideId "25035525"]
[BlackFideId "503134"]
[WhiteElo "2202"]
[BlackElo "2217"]
[Result "1-0"]
[Round "05"]
[TimeControl "180+1"]
[Date "2022.12.14"]
[WhiteClock "0:01:23"]
[BlackClock "0:00:02"]

1. c4 Nf6 2. Nc3 d5 3. cxd5 Nxd5 4. g3 g6 5. Bg2 Nb6 6. d3 Bg7 7. Be3 O-O 8. Rc1 c6 9. Nf3 N8d7 10. O-O Nf6 11. Bc5 Nbd5 12. e4 Nxc3 13. bxc3 b6 14. Ba3 Bb7 15. e5 Nd7 16. Qe2 c5 17. e6 fxe6 18. Qxe6+ Kh8 19. Ng5 Bxg2 20. Kxg2 Ne5 21. f4 Nxd3 22. Rcd1 c4 23. Qxc4 Ne5 24. fxe5 1-0


[Site "https://www.chess.com"]

[Event "Titled Tuesday Blitz December 13 Early 2022"]
[White "Rakhmatullaev, Almas"]
[Black "Fiedorek, Michal"]
[WhiteFideId "14205793"]
[BlackFideId "1199528"]
[WhiteElo "2740"]
[BlackElo "2439"]
[Result "1-0"]
[Round "05"]
[TimeControl "180+1"]
[Date "2022.12.14"]
[WhiteClock "0:00:05"]
[BlackClock "0:00:04"]

1. e4 c5 2. c3 Nf6 3. e5 Nd5 4. d4 cxd4 5. Qxd4 e6 6. Nf3 Nc6 7. Qe4 f5 8. Qe2 Be7 9. g3 b5 10. Bg2 O-O 11. O-O a6 12. Rd1 Bb7 13. Nbd2 Rc8 14. Nb3 Qc7 15. Bf4 Na5 16. Nxa5 Qxa5 17. Nd4 Qb6 18. Rac1 Qc5 19. Be3 Nxe3 20. Qxe3 Bxg2 21. Kxg2 b4 22. c4 Rc7 23. b3 a5 24. Nb5 Qxe3 25. fxe3 Rb7 26. Rd3 Rd8 27. Rcd1 Bc5 28. Nd6 Bxd6 29. Rxd6 a4 30. Rxe6 axb3 31. axb3 Ra7 32. Red6 Ra2+ 33. R1d2 Rxd2+ 34. Rxd2 Kf7 35. Rd6 Ke7 36. Rb6 Ra8 37. Rxb4 Ra2+ 38. Kf3 Rxh2 39. e4 fxe4+ 40. Kxe4 g5 41. Rb6 h5 42. Rh6 h4 43. gxh4 gxh4 44. Kd5 h3 45. Rh7+ Ke8 46. Kd6 Rd2+ 47. Kc7 h2 48. b4 Rd4 49. c5 Rxb4 50. Rxh2 Rc4 51. Kd6 Rd4+ 52. Kc7 Rc4 53. Kb6 Re4 54. Rh5 Ke7 55. Kc7 Rc4 56. Kb6 Re4 57. Rh7+ Ke6 58. Rh6+ Kxe5 59. Rd6 Rd4 60. Rh6 Rb4+ 61. Kc7 Rc4 62. Rh5+ Kd4 63. Kd6 Rc1 64. Rh4+ Kd3 65. Rh5 Kd4 66. Rd5+ Ke4 67. Rd2 Rc3 68. Rd5 Rc2 69. Re5+ Kd4 70. Rh5 Ke4 71. Kxd7 Rd2+ 72. Kc7 Rc2 73. c6 Kd4 74. Kd6 1-0


[Site "https://www.chess.com"]

[Event "Titled Tuesday Blitz December 13 Early 2022"]
[White "Ramu, K."]
[Black "Mohammed, Dilshad"]
[WhiteFideId "5006171"]
[BlackFideId "5050421"]
[WhiteElo "2110"]
[BlackElo "2102"]
[Result "0-1"]
[Round "05"]
[TimeControl "180+1"]
[Date "2022.12.14"]
[WhiteClock "0:01:14"]
[BlackClock "0:02:21"]

1. e4 e5 2. f4 exf4 3. Bc4 d5 4. Bxd5 Nf6 5. Nc3 Bb4 6. Bb3 Bxc3 7. dxc3 Qxd1+ 8. Kxd1 Nxe4 9. Nh3 Bxh3 10. Re1 Bg4+ 11. Re2 Nc6 12. Ke1 Bxe2 13. Kxe2 O-O-O 14. Bxf4 Rhe8 15. Kf3 Nd2+ 16. Bxd2 Rxd2 17. Kg4 Ne5+ 18. Kg3 Rd6 19. Bxf7 Nxf7 20. Rf1 Re3+ 21. Kg4 Rg6+ 22. Kf4 Rf6+ 23. Kxe3 Rxf1 24. c4 0-1


[Site "https://www.chess.com"]

[Event "Titled Tuesday Blitz December 13 Early 2022"]
[White "Redzisz, Michal"]
[Black "Itkis, Boris"]
[WhiteFideId "21816107"]
[BlackFideId "1209167"]
[WhiteElo "2136"]
[BlackElo "2216"]
[Result "1-0"]
[Round "05"]
[TimeControl "180+1"]
[Date "2022.12.14"]
[WhiteClock "0:00:26"]
[BlackClock "0:00:09"]

1. e4 c5 2. Nf3 Nc6 3. d4 cxd4 4. Nxd4 g6 5. c4 Bg7 6. Be3 Nf6 7. Nc3 O-O 8. Be2 d6 9. f3 Bd7 10. O-O Rc8 11. Rc1 a6 12. Qd2 Ne8 13. Nc2 Nc7 14. Bb6 Qe8 15. Nd5 Nxd5 16. exd5 Ne5 17. Ne3 f5 18. f4 Ng4 19. Nxg4 fxg4 20. Rfe1 Rf7 21. g3 Qf8 22. b4 Bf6 23. Be3 Qg7 24. c5 Rff8 25. Bf1 Kh8 26. Bg2 a5 27. c6 bxc6 28. dxc6 Bf5 29. b5 e5 30. b6 exf4 31. Bxf4 a4 32. b7 Rb8 33. Bxd6 1-0


[Site "https://www.chess.com"]

[Event "Titled Tuesday Blitz December 13 Early 2022"]
[White "Rian, Kapriaga"]
[Black "Omariev, Maksim"]
[WhiteFideId "7103263"]
[BlackFideId "4193423"]
[WhiteElo "2269"]
[BlackElo "2405"]
[Result "0-1"]
[Round "05"]
[TimeControl "180+1"]
[Date "2022.12.14"]
[WhiteClock "0:00:01"]
[BlackClock "0:00:04"]

1. d4 d5 2. Nf3 Nf6 3. Bf4 c5 4. e3 Nc6 5. Nbd2 Bf5 6. c4 cxd4 7. exd4 e6 8. Qb3 Bb4 9. a3 Bxd2+ 10. Bxd2 Qe7 11. Be2 dxc4 12. Bxc4 O-O 13. O-O Rfd8 14. Bc3 Be4 15. Rad1 Bxf3 16. gxf3 Nd5 17. Kh1 Rac8 18. Bd3 a6 19. Rg1 b5 20. Rg3 Qf6 21. Be4 Nce7 22. Ba5 Rd7 23. Bb4 Nf5 24. Bxf5 Qxf5 25. Bc3 Rdc7 26. Rdg1 g6 27. Kg2 Nf4+ 28. Kh1 Ne2 29. Qb4 Nxg1 30. Kxg1 h5 31. Kg2 h4 32. Rg4 Rc4 33. Qd6 h3+ 34. Kg3 Kg7 35. d5+ e5 36. Bxe5+ f6 37. Bc3 R4c7 38. Rf4 Qg5+ 39. Rg4 Qf5 40. Kxh3 Rd7 41. Qf4 Rh8+ 42. Kg3 Qxf4+ 43. Rxf4 Rf8 44. Rd4 Rfd8 45. Rf4 Rd6 46. Bd4 Kf7 47. Bc3 f5 48. h4 Rxd5 49. Rb4 R8d7 50. Rf4 Rc5 51. Rb4 Rc4 52. Rb3 Rd3 53. Kg2 Rxh4 54. a4 Rxa4 55. Kf1 Ke6 56. Ke2 Rd7 57. Bd2 Kd5 58. Be3 Kc6 59. Rc3+ Rc4 60. Rb3 a5 61. Ra3 a4 62. Ra1 Rb4 63. Rc1+ Kb7 64. Rc2 Rc7 65. Rd2 Rbc4 66. Kf1 Rc2 67. Rd6 R7c6 0-1


[Site "https://www.chess.com"]

[Event "Titled Tuesday Blitz December 13 Early 2022"]
[White "Rodriguez Fontecha, Marcos"]
[Black "Roque Sola, Gisela"]
[WhiteFideId "2256576"]
[BlackFideId "5120241"]
[WhiteElo "2263"]
[BlackElo "1961"]
[Result "1-0"]
[Round "05"]
[TimeControl "180+1"]
[Date "2022.12.14"]
[WhiteClock "0:00:05"]
[BlackClock "0:00:09"]

1. Nf3 Nf6 2. g4 Nxg4 3. e4 d6 4. Nc3 Ne5 5. d4 Nxf3+ 6. Qxf3 e5 7. Bc4 Qf6 8. Qg2 c6 9. Bg5 Qg6 10. Qg3 f6 11. Be3 Qxg3 12. hxg3 Nd7 13. O-O-O Nb6 14. Bb3 Bg4 15. Rd2 O-O-O 16. f4 Be7 17. a4 exd4 18. Bxd4 Kc7 19. a5 Nc8 20. Rh4 h5 21. f5 d5 22. Be3 Bxf5 23. exf5 Bd6 24. Bf4 Ne7 25. Rdh2 Nxf5 26. Rxh5 Rxh5 27. Rxh5 Nxg3 28. Bxd6+ Kxd6 29. Rh7 Rd7 30. Kd2 b6 31. a6 f5 32. Rh8 f4 33. Ne2 Ne4+ 34. Ke1 f3 35. Nd4 f2+ 36. Kf1 Ke5 37. Nxc6+ Kf4 38. Rf8+ Ke3 39. Ne5 Nd2+ 40. Kg2 f1=Q+ 41. Rxf1 Nxf1 42. Nxd7 Nd2 43. Nxb6 axb6 44. a7 1-0


[Site "https://www.chess.com"]